 Dungeon Crawl Stone Soup version 0.31-a0-846-gb3bcc0d938 (webtiles) character file.

Game seed: 2574518060219311746

8376 Dirtsage the Cleaver (level 11, -27/94 (95) HPs)
             Began as a Hill Orc Fighter on Oct 3, 2023.
             Was a Believer of Qazlal.
             Annihilated by a very large slime creature (43 damage)
             ... on level 9 of the Dungeon.
             The game lasted 00:12:15 (8591 turns).

Dirtsage the Cleaver (Hill Orc Fighter)             Turns: 8591, Time: 00:12:16

HP:   -27/94 (95)   AC: 20    Str: 24    XL:     11   Next: 29%
MP:   18/18         EV:  8    Int:  8    God:    Qazlal [**....]
Gold: 374           SH: 14    Dex: 16    Spells: 10/10 levels left

rFire   + . .        L - +4 broad axe "Hellblazer" {protect, *Noise rC- SInv Stlth+}
rCold   x . .        c - +0 buckler
rNeg    . . .        f - +0 chain mail
rPois   .            r - +0 helmet
rElec   .            y - +0 cloak
rCorr   .            (no gloves)
SInv    +            (no boots)
Will    .....        J - amulet of reflection Stlth
                     F - ring of protection from fire
HPRegen 0.35/turn    o - +6 ring of dexterity
MPRegen 0.16/turn

%: reflection
@: mighty, under a protective aura, lightly drained
A: no striking features
a: Renounce Religion, Upheaval


You were on level 9 of the Dungeon.
You worshipped Qazlal.
Qazlal was pleased with you.
You visited 2 branches of the dungeon, and saw 11 of its levels.

You collected 572 gold pieces.
You spent 198 gold pieces at shops.

Inventory:

Hand Weapons
 a - a +0 war axe
 L - the +4 broad axe "Hellblazer" (weapon) {protect, *Noise rC- SInv Stlth+}
   (You bought it in a shop on level 8 of the Dungeon)

   rC-:       It makes you vulnerable to cold.
   SInv:      It lets you see invisible.
   *Noise:    It may make a loud noise when swung.
   Stlth+:    It makes you more stealthy.
Missiles
 C - 3 throwing nets
Armour
 c - a +0 buckler (worn)
 f - a +0 chain mail (worn)
 r - a +0 helmet (worn)
 y - a +0 cloak (worn)
Jewellery
 o - a +6 ring of dexterity (right hand)
 F - a ring of protection from fire (left hand)
 G - an amulet of regeneration
 J - an amulet of reflection (around neck)
 N - a ring of positive energy
Wands
 b - a wand of paralysis (17)
 E - a wand of flame (39)
Scrolls
 e - 4 scrolls of identify {unknown}
 g - 3 scrolls of fear
 h - a scroll of acquirement {unknown}
 i - a scroll of amnesia {unknown}
 l - a scroll of fog
 n - 2 scrolls of poison {unknown}
 s - a scroll of torment {unknown}
 u - a scroll of enchant weapon {unknown}
 v - a scroll of enchant armour {unknown}
 w - a scroll of immolation
 B - a scroll of blinking
 I - a scroll of brand weapon {unknown}
 K - a scroll of teleportation {unknown}
Potions
 j - a potion of invisibility {unknown}
 k - 2 potions of heal wounds {unknown}
 m - a potion of resistance {unknown}
 p - a potion of mutation {unknown}
 q - a potion of curing
 t - 3 potions of attraction {unknown}
 x - 2 potions of degeneration {unknown}
 z - 2 potions of brilliance {unknown}
 A - a potion of magic {unknown}
 D - 2 potions of enlightenment {unknown}
 H - 2 potions of haste {unknown}


   Skills:
 + Level 8.5 Fighting
 * Level 13.9 Axes
 + Level 7.7 Armour
 + Level 7.5 Shields
 * Level 10.6 Invocations


You had 10 spell levels left.
You didn't know any spells.
Your spell library contained the following spells:

 Spells                   Type           Power      Damage    Failure   Level
 Necrotise                Necr           0%         1d4       94%         1
 Lesser Beckoning         Tloc           0%         N/A       98%         2
 Gell's Gravitas          Tloc           0%         N/A       100%        3
 Teleport Other           Tloc           0%         N/A       100%        3
 Vampiric Draining        Necr           0%         2d6       100%        3
 Agony                    Necr           0%         N/A       100%        5


Dungeon Overview and Level Annotations

Branches:
Dungeon (10/15)            Temple (1/1) D:5
   Lair: D:8-11         Orc: D:9-12

Altars:
Ashenzari
Cheibriados
Dithmenos
Elyvilon
Fedhas
Gozag
Hepliaklqana
Kikubaaqudgha
Makhleb
Nemelex Xobeh
Okawaru
Qazlal
Ru
Sif Muna
Trog
Uskayaw
Vehumet
Wu Jian
Xom
Yredelemnul
Zin
The Shining One
Jiyva

Shops:
D:1 [   D:8 (

Annotations:
D:9 1 transporter


Message History

You block the great orb of eyes's attack.
The slime creature hits you but does no damage.
You slice the great orb of eyes!!
The great orb of eyes is moderately wounded.
You hit the very large slime creature. You slice the slime creature!!
The very large slime creature barely misses you.
The great orb of eyes barely misses you.
The slime creature hits you.
You hit the great orb of eyes but do no damage.
The great orb of eyes is moderately wounded.
You slash the very large slime creature!
You slash the slime creature! The very large slime creature hits you.
The great orb of eyes completely misses you.
The slime creature hits you but does no damage.
You take 5 damage, and have 30/93 hp.
You hit the great orb of eyes.
The great orb of eyes is moderately wounded.
You slice the very large slime creature!!
You slice the slime creature!!
You kill the slime creature!
Qazlal accepts your kill. The very large slime creature hits you.
* * * LOW HITPOINT WARNING * * *
You block the great orb of eyes's attack.
You take 6 damage, and have 24/94 hp.
You hit the great orb of eyes.
The great orb of eyes is moderately wounded.
You slash the very large slime creature!
The very large slime creature hits you!
* * * LOW HITPOINT WARNING * * *
The great orb of eyes barely misses you.
You take 8 damage, and have 16/94 hp.
You hit the great orb of eyes.
The great orb of eyes is moderately wounded.
You slash the very large slime creature!
You slash the great orb of eyes!
The great orb of eyes is heavily wounded.
You slash the very large slime creature!
The very large slime creature hits you!!!
You die...

##...##.........#.#####..#.......
.....######...##.## #.....#....
##.#.# #.........# #.....#..##
.....# #.........# ##..###..#
##.### #....>....# #.......# #.#
####...#### #......## #.# #..##
## ##.....# ##.# ######.## ###.#
#.###.# ...# #.....##
.#@#.$#####.# #.#
######..##.#...°GJ...#.##.# #.###
#........###.....###.##.# #....
#.##..#.©##..._...##©...# #####
#.##..##.###...?.###.####
#.##..##.#J).......#.#
#.##...>.##!!#.#..####
###.##########©###.##### #...#
###.#######...#


You could see a great orb of eyes and a very large slime creature.

Vanquished Creatures
  A two-headed ogre (D:9)
  Pikel (D:6)
  A hornet (D:9)
  2 slime creatures (D:9)
  Sigmund (D:3)
  A wraith (D:9)
  11 yaks (D:9)
  3 steam dragons
  Menkaure (D:6)
  3 water moccasins
  6 ice beasts
  2 orc warriors
  A sky beast (D:7)
  2 black bears
  A centaur (D:8)
  4 lemures (D:6)
  2 phantoms
  2 kobold brigands
  Blork the orc (D:4)
  A wyvern zombie (D:5)
  3 bullfrogs (D:7)
  A gnoll sergeant (D:6)
  2 water moccasin zombies (D:5)
  4 scorpions
  11 wights
  3 howler monkeys
  6 killer bees (D:8)
  A centaur zombie (D:5)
  5 hounds
  2 jellies
  3 gnoll boudas
  2 orc priests (D:5)
  2 scorpion zombies (D:5)
  3 iguanas
  2 sleepcaps
  5 orc wizards
  Robin (D:3)
  11 gnolls
  6 adders
  A shadow imp (D:7)
  A white imp (D:6)
  An ufetubus (D:4)
  3 worms
  5 dart slugs
  19 orcs
  11 endoplasms
  2 giant cockroaches
  16 goblins
  10 hobgoblins
  4 jackals (D:1)
  5 quokkas
  6 ball pythons
  9 bats
  3 frilled lizards
  8 kobolds
  2 rats (D:3)
226 creatures vanquished.

Vanquished Creatures (others)
  A howler monkey (D:6)
1 creature vanquished.

Grand Total: 227 creatures vanquished

Notes
Turn   | Place    | Note
-------+----------+-------------------------------------------
     0 | D:1      | Dirtsage the Hill Orc Fighter began the quest for the Orb.
     0 | D:1      | Reached XP level 1. HP: 19/19 MP: 1/1
    31 | D:1      | Reached skill level 3 in Axes
    67 | D:1      | Found a faded altar of an unknown god.
   101 | D:1      | Found Halile's Armour Shoppe.
   113 | D:1      | Reached XP level 2. HP: 26/26 MP: 2/2
   241 | D:1      | Reached skill level 4 in Axes
   342 | D:1      | Reached XP level 3. HP: 31/31 MP: 3/3
   960 | D:2      | Reached skill level 5 in Axes
  1206 | D:2      | Reached XP level 4. HP: 39/39 MP: 4/4
  1709 | D:3      | Reached skill level 6 in Axes
  1751 | D:3      | Noticed Sigmund
  1763 | D:3      | Killed Sigmund
  1764 | D:3      | Reached skill level 8 in Axes
  1764 | D:3      | Reached XP level 5. HP: 45/45 MP: 5/5
  1764 | D:3      | Reached XP level 6. HP: 51/51 MP: 6/6
  1889 | D:3      | Noticed Robin
  1903 | D:3      | Killed Robin
  2296 | D:3      | Found a blossoming altar of Fedhas.
  2298 | D:3      | Found a bloodstained altar of Trog.
  3300 | D:4      | Noticed Blork the orc
  3309 | D:4      | Killed Blork the orc
  3310 | D:4      | Reached skill level 9 in Axes
  3310 | D:4      | Reached XP level 7. HP: 47/59 MP: 7/7
  3468 | D:5      | Entered Level 5 of the Dungeon
  3558 | D:5      | Found a staircase to the Ecumenical Temple.
  3570 | Temple   | Entered the Ecumenical Temple
  3593 | Temple   | Became a worshipper of Qazlal Stormbringer
  3657 | D:5      | Reached skill level 1 in Invocations
  3885 | D:5      | Found a basalt altar of Yredelemnul.
  3901 | D:5      | Reached XP level 8. HP: 59/67 MP: 9/9
  3918 | D:5      | Reached skill level 5 in Fighting
  4042 | D:5      | Reached skill level 10 in Axes
  4478 | D:5      | Reached skill level 5 in Armour
  4478 | D:5      | Reached skill level 5 in Shields
  4540 | D:5      | Reached * piety under Qazlal
  4974 | D:6      | Reached skill level 5 in Invocations
  4975 | D:6      | Reached XP level 9. HP: 65/75 MP: 12/12
  5093 | D:6      | Reached skill level 11 in Axes
  5336 | D:6      | Noticed Menkaure
  5337 | D:6      | Noticed Pikel
  5343 | D:6      | Killed Menkaure
  5370 | D:6      | Killed Pikel
  6009 | D:7      | Reached skill level 12 in Axes
  6009 | D:7      | Reached XP level 10. HP: 79/84 MP: 15/15
  6214 | D:7      | Reached ** piety under Qazlal
  6424 | D:7      | You fall into a shaft and drop 3 floors!
  6424 | D:10     | Entered Level 10 of the Dungeon
  7056 | D:8      | Found Ceisaec's Antique Weapon Boutique.
  7089 | D:8      | Bought a twisted broad axe for 198 gold pieces
  7089 | D:8      | Identified the +4 broad axe "Hellblazer" {protect, *Noise
                  | rC- SInv Stlth+} (You bought it in a shop on level 8 of the
                  | Dungeon)
  7363 | D:8      | Found a white marble altar of Elyvilon.
  7891 | D:9      | Reached skill level 13 in Axes
  7903 | D:9      | Noticed a two-headed ogre
  7912 | D:9      | Killed a two-headed ogre
  8074 | D:9      | Found a viscous altar of Jiyva.
  8074 | D:9      | Found a transporter.
  8074 | D:9      | Noticed a great orb of eyes
  8106 | D:9      | Reached XP level 11. HP: 81/94 MP: 18/18
  8107 | D:9      | Reached skill level 10 in Invocations
  8570 | D:9      | Found a transporter.
  8591 | D:9      | Annihilated by a very large slime creature

Illustrated notes

Levels and vault maps discovered:
D:1:      ncdulo_watergridlock, layout_basic,
          ebering_ecumenical_altar_sacrificial, serial_shops, shop,
          minmay_misc_feat_rugged, serial_bayou_lake_a
D:2:      minmay_inner_zag, layout_basic
D:3:      layout_basic, minitemple, nicolae_twisty_statue_hallways, uniq_robin,
          uniq_sigmund
D:4:      layout_basic, minmay_pentangle, uniq_blork_the_orc
D:5:      layout_loops_corners, nicolae_yredelemnul_corpse_copse,
          minmay_temple_entry_proselytizer, item_on_display_a
D:6:      layout_cave_pools, minmay_misc_feat_square, uniq_pikel, uniq_menkaure
D:7:      minmay_thinvault, layout_loops_ring
D:8:      layout_basic, elyvilon_altar_1, nicolae_stop_n_shop_1
D:9:      gammafunk_jiyva_shrine, layout_loops_cross
D:10:     layout_cave_pods, minmay_orc_entry_guard_dogs, nicolae_wwwww,
          grunt_decor_junction, serial_bayou_pond_c, uniq_maurice
Temple:   nicolae_temple_bog_church

Skill      XL: |  1  2  3  4  5  6  7  8  9 10 11 |
---------------+----------------------------------+-----
Axes           | 3 4 5 8 9 10 12 13 | 13.9
Fighting       | 4 5 6 8 |  8.5
Armour         | 4 5 6 7 |  7.7
Shields        | 4 5 6 7 |  7.5
Invocations    | 2 5 7 9 10 | 10.6

Action                     |  1- 3 |  4- 6 |  7- 9 | 10-12 || total
---------------------------+-------+-------+-------+-------++-------
  Melee: War axe           |    97 |   163 |   233 |   115 ||   608
         Broad axe         |       |       |       |   131 ||   131
  Evoke: Wand              |       |       |       |     2 ||     2
    Use: Scroll            |       |     1 |       |     3 ||     4
         Potion            |       |     1 |       |     2 ||     3
 Armour: Scale mail        |    11 |       |       |       ||    11
         Chain mail        |    55 |   126 |   195 |   122 ||   498
  Dodge: Dodged            |    22 |    40 |    82 |    52 ||   196
  Block: Buckler           |    15 |    30 |    58 |   138 ||   241
         Reflection        |       |       |       |     1 ||     1

Table legend: (Time is in decaauts)
 A = Elapsed time spent in this place.
 B = Non-inter-level travel time spent in this place.
 C = Inter-level travel time spent in this place.
 D = Time resting spent in this place.
 E = Time spent auto-exploring this place.
 F = Levels seen in this place.
 G = Mean time per level.
                   A        B        C        D        E       F      G
               +--------+--------+--------+--------+--------+-----+--------+
         Total |   8657 |   8277 |    380 |    380 |   6467 |  11 |  787.0 |
       Dungeon |   8610 |   8272 |    338 |    380 |   6467 |  10 |  861.0 |
        Temple |     46 |      5 |     41 |      0 |      0 |   1 |   46.0 |
               +--------+--------+--------+--------+--------+-----+--------+

Top non-repeatable levels by time:
     D:5: 1456 daAuts
     D:7: 990 daAuts
     D:6: 965 daAuts
     D:4: 918 daAuts
     D:3: 892 daAuts
     D:9: 886 daAuts
     D:1: 867 daAuts
     D:2: 866 daAuts
     D:8: 733 daAuts
  Temple: 46 daAuts
    D:10: 32 daAuts
